 Dungeon Crawl Stone Soup version 0.29-a0-819-g94b489e0ae (webtiles) character file.

Game seed: 4172607977644295302

183 Anon1729 the Slasher (level 5, -5/47 HPs)
             Began as a Minotaur Monk on July 6, 2022.
             Slain by Crazy Yiuf
             ... wielding a +4 quarterstaff of chaos
              (11 damage)
             ... on level 3 of the Dungeon.
             The game lasted 00:02:09 (3017 turns).

Anon1729 the Slasher (Minotaur Monk)                Turns: 3017, Time: 00:02:10

Health: -5/47      AC:  4    Str: 15      XL:     5   Next: 35%
Magic:  4/4        EV: 13    Int:  5 (7)  God:
Gold:   87         SH:  0    Dex: 15      Spells: 4/4 levels left

rFire   . . .      SeeInvis .   a - +0 falchion
rCold   . . .      Faith    .   (no shield)
rNeg    . . .      Spirit   .   t - +2 robe {Archmagi}
rPois   .          Reflect  +   (helmet restricted)
rElec   .          Harm     .   (no cloak)
rCorr   .          Rampage  .   (no gloves)
Will    .....      Archmagi +   (no boots)
Stlth   +.........              h - amulet of reflection
HPRegen 0.15/turn               (no ring)
MPRegen 0.09/turn               (no ring)

@: confused, lethally poisoned (-5 -> -13), ambrosia-drunk
A: horns 2, retaliatory headbutt
a: no special abilities


You were on level 3 of the Dungeon.
You visited 1 branch of the dungeon, and saw 3 of its levels.

You collected 87 gold pieces.

Inventory:

Hand Weapons
 a - a +0 falchion (weapon)
 c - a +1 dagger of venom
Armour
 b - a +0 robe
 d - a +0 robe of willpower
 t - a +2 robe of the Archmagi (worn)
Jewellery
 h - an amulet of reflection (around neck)
Wands
 q - a wand of mindburst (16)
 x - a wand of flame (26)
Scrolls
 e - a scroll of enchant weapon {unknown}
 g - a scroll of fear {unknown}
 i - 3 scrolls of identify {unknown}
 k - a scroll of vulnerability {unknown}
 n - a scroll of teleportation {unknown}
 o - 4 scrolls of noise {unknown}
 s - a scroll of acquirement {unknown}
 v - a scroll of poison {unknown}
Potions
 f - a potion of attraction {unknown}
 j - a potion of resistance {unknown}
 l - a potion of curing {unknown}
 p - a potion of lignification {unknown}
 r - a potion of degeneration {unknown}
 u - a potion of cancellation {unknown}
 w - 2 potions of flight {unknown}


   Skills:
 + Level 4.8 Fighting
 + Level 4.8 Long Blades
 + Level 4.3 Dodging
 + Level 2.8 Stealth


You had 4 spell levels left.
You didn't know any spells.
Your spell library contained the following spells:

 Spells                   Type           Power      Damage    Failure   Level
 Foxfire                  Conj/Fire      0%         2x1d4     47%         1
 Shock                    Conj/Air       0%         1d3       47%         1
 Ensorcelled Hibernation  Hex/Ice        0%         N/A       63%         2
 Passwall                 Tmut/Erth      0%         N/A       63%         2
 Conjure Flame            Conj/Fire      0%         6-21      85%         3
 Gell's Gravitas          Tloc           0%         N/A       85%         3
 Inner Flame              Hex/Fire       0%         N/A       85%         3
 Lesser Beckoning         Tloc           0%         N/A       85%         3
 Swiftness                Air            0%         N/A       85%         3
 Teleport Other           Tloc           0%         N/A       85%         3
 Airstrike                Air            0%         0-1+      99%         4
 Flame Wave               Conj/Fire      0%         2d4       99%         4


Dungeon Overview and Level Annotations

Branches:
Dungeon (3/15)

Altars:
Sif Muna

Annotations:
D:3 Crazy Yiuf


Innate Abilities, Weirdness & Mutations

You have a pair of horns on your head.
You reflexively headbutt those who attack you in melee.


Message History

There is an open translucent door here.
You hit Crazy Yiuf but do no damage.
Crazy Yiuf hits you with a +4 quarterstaff of chaos!
Crazy Yiuf freezes you.
You are too injured to fight recklessly!
You are too injured to fight recklessly!
You are too injured to fight recklessly!
You are too injured to fight recklessly!
You are too injured to fight recklessly!
You are too injured to fight recklessly!
You are too injured to fight recklessly!
You are too injured to fight recklessly!
You are too injured to fight recklessly!
You are too injured to fight recklessly!
You are too injured to fight recklessly!
You are too injured to fight recklessly!
You are too injured to fight recklessly!
Aiming: Mindburst
Press: ? - help, Shift-Dir - straight line, f - Crazy Yiuf
Aim: Crazy Yiuf, wielding a +4 quarterstaff of chaos and wearing a +1 cloak of willpower (chance to affect: 37%) Crazy Yiuf resists with some effort.
Crazy Yiuf hits you with a +4 quarterstaff of chaos!
* * * LOW HITPOINT WARNING * * *
You are lethally poisoned!
Aiming: Mindburst
Press: ? - help, Shift-Dir - straight line, f/p - Crazy Yiuf
Aim: Crazy Yiuf, wielding a +4 quarterstaff of chaos and wearing a +1 cloak of willpower (chance to affect: 37%) Crazy Yiuf resists with some effort.
* * * LOW HITPOINT WARNING * * *
You feel very sick.
Crazy Yiuf hits you with a +4 quarterstaff of chaos.
* * * LOW HITPOINT WARNING * * *
You feel your power leaking away.
Okay, then.
You are confused.
You feel invigorated.
* * * LOW HITPOINT WARNING * * *
You feel very sick.
Crazy Yiuf hits you with a +4 quarterstaff of chaos!
You die...

##.## ##......#. ##.#
##.....## #..#
##....#. ####
###.###. #...###.
#######...##.. ####
###.#.P......##)
#...##..#..P......#.#
#..g@.####P..........
#)..### ##.......###
#### ####.......
###.#### #.# #.# #.#
#.# #.# ##


You could see Crazy Yiuf.

Vanquished Creatures
  A jelly (D:3)
  Terence (D:3)
  Jessica (D:3)
  4 adders
  3 dart slugs
  A bat (D:3)
  7 endoplasms
  2 giant cockroaches (D:1)
  8 goblins
  5 hobgoblins
  2 jackals (D:1)
  A quokka (D:3)
  8 ball pythons
  7 frilled lizards
  8 kobolds
  2 rats
61 creatures vanquished.

Vanquished Creatures (others)
  3 fungi (D:1)
  8 plants (D:1)
11 creatures vanquished.

Grand Total: 72 creatures vanquished

Notes
Turn   | Place    | Note
-------+----------+-------------------------------------------
     0 | D:1      | Anon1729 the Minotaur Monk began the quest for the Orb.
     0 | D:1      | Reached XP level 1. HP: 19/19 MP: 0/0
   117 | D:1      | Reached XP level 2. HP: 27/27 MP: 1/1
   538 | D:1      | Found a faded altar of an unknown god.
   553 | D:1      | Prayed at the altar of an unknown god.
   553 | D:1      | Became a worshipper of Sif Muna the Loreminder
   553 | D:1      | Reached * piety under Sif Muna
   553 | D:1      | Reached ** piety under Sif Muna
   556 | D:1      | Fell from the grace of Sif Muna
   966 | D:2      | Reached XP level 3. HP: 19/33 MP: 2/2
  1840 | D:3      | Reached XP level 4. HP: 37/41 MP: 3/3
  2425 | D:3      | Noticed Jessica
  2433 | D:3      | Killed Jessica
  2434 | D:3      | Reached XP level 5. HP: 41/47 MP: 4/4
  2718 | D:3      | Found a runed translucent door.
  2719 | D:3      | Noticed Crazy Yiuf
  2818 | D:3      | Noticed Terence
  2826 | D:3      | Killed Terence
  3017 | D:3      | Slain by Crazy Yiuf

Illustrated notes

Levels and vault maps discovered:
D:1:      saegor_arrival_simple_e, layout_basic,
          shapermc_ecumenical_altar_mp_urbaneastern, serial_bayou_lagoon_a
D:2:      layout_loops_cross
D:3:      minmay_angry_zag, layout_loops_corners, kennysheep_generic_room_11,
          uniq_crazy_yiuf_cottage, uniq_jessica, uniq_terence

Skill      XL: |  1  2  3  4 |
---------------+-------------+-----
Long Blades    | 4 |  4.8
Stealth        | 2 |  2.8
Fighting       | 4 |  4.8
Dodging        | 4 |  4.3

Action                   |  1- 3 |  4- 6 || total
-------------------------+-------+-------++-------
Melee: Falchion          |   106 |    33 ||   139
       Headbutt          |    22 |     3 ||    25
       Punch             |     1 |     1 ||     2
Invok: Renounce Religion |     1 |       ||     1
Evoke: Wand              |       |     2 ||     2
  Use: Potion            |     1 |     1 ||     2
 Stab: Sleeping          |     3 |     2 ||     5
Armor: Robe              |    10 |     4 ||    14
Dodge: Dodged            |    44 |    16 ||    60
Block: Other             |    18 |     2 ||    20
       Reflection        |     1 |       ||     1

Table legend: (Time is in decaauts)
 A = Elapsed time spent in this place.
 B = Non-inter-level travel time spent in this place.
 C = Inter-level travel time spent in this place.
 D = Time resting spent in this place.
 E = Time spent auto-exploring this place.
 F = Levels seen in this place.
 G = Mean time per level.
                   A        B        C        D        E       F      G
               +--------+--------+--------+--------+--------+-----+--------+
         Total |   3051 |   3029 |     22 |     10 |   2563 |   3 | 1017.0 |
       Dungeon |   3051 |   3029 |     22 |     10 |   2563 |   3 | 1017.0 |
               +--------+--------+--------+--------+--------+-----+--------+

Top non-repeatable levels by time:
     D:3: 1394 daAuts
     D:1: 835 daAuts
     D:2: 820 daAuts
